 Dungeon Crawl Stone Soup version 0.22.1-2-g9c5b331383 (webtiles) character file.

111 Peloso the Shield-Bearer (level 4, -5/41 HPs)
             Began as a Minotaur Fighter on Dec 24, 2018.
             Killed from afar by Ijyb (11 damage)
             ... with a wand of acid (6)
             ... on level 3 of the Dungeon.
             The game lasted 00:02:59 (1769 turns).

Peloso the Shield-Bearer (Minotaur Fighter)         Turns: 1769, Time: 00:02:59

Health: -5/41      AC:  7    Str: 25    XL:     4   Next: 62%
Magic:  3/3        EV:  8    Int:  5    God:
Gold:   53         SH: 10    Dex: 11    Spells: 3/3 levels left

rFire    . . .     SeeInvis .   a - +0 long sword
rCold    . . .     Gourm    .   c - +0 shield
rNeg     . . .     Faith    .   b - +0 scale mail
rPois    .         Spirit   .   (helmet restricted)
rElec    .         Reflect  .   (no cloak)
rCorr    .         Harm     .   (no gloves)
MR       .....                  (no boots)
Stlth    ..........             k - amulet of regeneration
HPRegen  0.53/turn              (no ring)
MPRegen  0.08/turn              (no ring)

@: mighty, lethally poisoned (-5 -> -5)
A: retaliatory headbutt, horns 2
a: no special abilities


You were on level 3 of the Dungeon.
You were not hungry.

You visited 1 branch of the dungeon, and saw 3 of its levels.

You collected 53 gold pieces.

Inventory:

Hand Weapons
 a - a +0 long sword (weapon)
Armour
 b - a +0 scale mail (worn)
 c - a +0 shield (worn)
Jewellery
 k - an amulet of regeneration (around neck)
Scrolls
 e - a scroll of identify {unknown}
 h - a scroll of fear {unknown}
 j - a scroll of enchant weapon {unknown}
 l - a scroll of immolation {unknown}
 n - a scroll of fog {unknown}
Potions
 d - a potion of might
 g - a potion of lignification {unknown}
 i - a potion of degeneration {unknown}
 m - a potion of cancellation {unknown}
 p - a potion of mutation {unknown}
 q - a potion of brilliance {unknown}
Comestibles
 f - 4 rations
 o - a chunk of flesh


   Skills:
 + Level 4.5 Fighting
 + Level 3.2 Long Blades
 + Level 4.4 Armour
 + Level 0.4 Dodging
 + Level 4.7 Shields


You had 3 spell levels left.
You didn't know any spells.
Your spell library was empty.

Dungeon Overview and Level Annotations

Branches:
Dungeon (3/15)

Altars:
Kikubaaqudgha

Annotations:
D:3 Ijyb


Innate Abilities, Weirdness & Mutations

You reflexively headbutt those who attack you in melee.
You have a pair of horns on your head.


Message History

You kill the adder!
You feel very mighty all of a sudden. The leopard gecko misses you.
You miss the leopard gecko.
You feel sick. The leopard gecko closely misses you.
You slash the leopard gecko!
You kill the leopard gecko!
Ijyb zaps a wand.
The bolt of acid hits the orc.
The orc is splashed with acid.
The acid corrodes the orc!
The orc dies!
The bolt of acid hits you!
Ouch! That really hurt!
You are splashed with acid!
The acid burns!
* * * LOW HITPOINT WARNING * * *
It is a wand of acid (6).
You see here an adder corpse.
You hit Ijyb.
Ijyb is moderately wounded.
You feel sick.
Ijyb zaps a wand.
The bolt of acid hits you!
You die...

###########
#.........#
#.........#
#........>##########
#.........g@..w.....
#.........#########.
#.........#
#......<..#
.....###### .###


You could see Ijyb and a dart slug.

Vanquished Creatures
  Robin (D:2)
  2 adders
  A worm (D:2)
  4 dart slugs
  2 leopard geckos
  3 giant cockroaches
  13 goblins
  13 hobgoblins
  8 kobolds
  A quokka (D:2)
  3 bats
  5 frilled lizards
  7 rats
63 creatures vanquished.

Vanquished Creatures (others)
  An orc (D:3)
1 creature vanquished.

Grand Total: 64 creatures vanquished

Notes
Turn   | Place    | Note
-------+----------+-------------------------------------------
     0 | D:1      | Peloso the Minotaur Fighter began the quest for the Orb.
     0 | D:1      | Reached XP level 1. HP: 19/19 MP: 0/0
   309 | D:1      | Reached XP level 2. HP: 27/27 MP: 1/1
   705 | D:1      | Reached XP level 3. HP: 33/33 MP: 2/2
  1101 | D:2      | Noticed Robin
  1295 | D:2      | Killed Robin
  1305 | D:2      | Reached XP level 4. HP: 38/40 MP: 3/3
  1522 | D:2      | Found an ancient bone altar of Kikubaaqudgha.
  1754 | D:3      | Noticed Ijyb
  1769 | D:3      | Killed from afar by Ijyb

Skill      XL: |  1  2  3 |
---------------+----------+-----
Fighting       | 4 |  4.5
Armour         | 4 |  4.4
Shields        | 4 |  4.7
Long Blades    | 3 |  3.2
Dodging        | |  0.4

Action                   |  1- 3 |  4- 6 || total
-------------------------+-------+-------++-------
Melee: Long sword        |    94 |    41 ||   135
       Headbutt          |    14 |     4 ||    18
  Use: Potion            |       |     1 ||     1
  Eat: Chunk             |       |     3 ||     3
Armor: Scale mail        |    38 |    24 ||    62
Dodge: Dodged            |    31 |    16 ||    47
Block: Shield            |    36 |    29 ||    65
       Rpst.: Long sword |    12 |     1 ||    13
